 Seeded DCSS version 0.27.1-34-g3ba077fa99 (webtiles) character file.

Game seed: 12092574107127483836 (custom seed)

665 hikkokomori the Covered (level 7, -5/63 HPs)
             Began as a Minotaur Fighter on Feb 4, 2022.
             Killed by nerve-wracking pain
             ... invoked by Grinder
              (10 damage)
             ... on level 4 of the Dungeon.
             The game lasted 00:08:01 (4141 turns).

hikkokomori the Covered (Minotaur Fighter)          Turns: 4141, Time: 00:08:02

Health: -5/63      AC:  7    Str: 22    XL:     7   Next: 31%
Magic:  6/6        EV:  8    Int:  5    God:
Gold:   85         SH: 10    Dex: 10    Spells: 6/6 levels left

rFire    . . .     SeeInvis .   a - +0 war axe
rCold    . . .     Faith    .   c - +0 kite shield
rNeg     . . .     Spirit   .   b - +0 scale mail
rPois    .         Reflect  .   (helmet restricted)
rElec    .         Harm     .   (no cloak)
rCorr    .         Rampage  .   (no gloves)
Will     .....                  (no boots)
Stlth    ..........             (no amulet)
HPRegen  0.20/turn              (no ring)
MPRegen  0.10/turn              (no ring)

@: mighty
A: horns 2, retaliatory headbutt
a: no special abilities


You were on level 4 of the Dungeon.
You visited 1 branch of the dungeon, and saw 4 of its levels.

You collected 155 gold pieces.
You spent 70 gold pieces at shops.

Inventory:

Hand Weapons
 a - a +0 war axe (weapon)
 n - a +0 hand axe of venom
 t - a +2 short sword of freezing
Missiles
 g - a throwing net (quivered)
Armour
 b - a +0 scale mail (worn)
 c - a +0 kite shield (worn)
Wands
 l - a wand of digging (4)
 r - a wand of flame (11)
Scrolls
 e - a scroll of fear {unknown}
 f - a scroll of noise {unknown}
 i - a scroll of enchant armour {unknown}
 j - a scroll of immolation
 k - 2 scrolls of amnesia
 m - 2 scrolls of teleportation
 o - a scroll of enchant weapon {unknown}
 s - a scroll of torment {unknown}
Potions
 h - a potion of degeneration
 p - 2 potions of mutation {unknown}
 q - 2 potions of flight


   Skills:
 + Level 6.0 Fighting
 + Level 5.3 Axes
 + Level 6.0 Armour
 + Level 6.0 Shields


You had 6 spell levels left.
You didn't know any spells.
Your spell library was empty.

Dungeon Overview and Level Annotations

Branches:
Dungeon (4/15)
 Temple: D:4-7

Altars:

Shops:
D:3 ?

Annotations:
D:4 Grinder


Innate Abilities, Weirdness & Mutations

You have a pair of horns on your head.
You reflexively headbutt those who attack you in melee.


Message History

You suddenly lose the ability to move!
Grinder gestures at you.
You shrug off the repeated paralysis!
You can move again.
Grinder gestures at you. You resist with significant effort.
Unknown command.
Grinder gestures at you.
You struggle to resist.
You closely miss Grinder. Grinder hits you.
You hit Grinder but do no damage. Grinder closely misses you. Grinder hits you.
You closely miss Grinder.
Grinder blinks!
Grinder blinks!
Grinder gestures at you.
You struggle to resist.
Grinder grins, showing sharp teeth.
Grinder gestures at you. Pain shoots through your body!
You closely miss Grinder. Grinder gestures at you.
You suddenly lose the ability to move!
Grinder blinks!
Grinder gestures at you. You resist with significant effort. Grinder hits you!
You writhe in agony.
Grinder says, "FISH!"
Grinder hits you!
You writhe in agony.
* * * LOW HITPOINT WARNING * * *
Grinder hits you but does no damage.
You can move again.
You feel very mighty all of a sudden. Grinder hits you!
* * * LOW HITPOINT WARNING * * *
You writhe in agony.
* * * LOW HITPOINT WARNING * * *
Unknown command.
You slash Grinder!
Grinder is moderately wounded.
Grinder gestures at you. Pain shoots through your body!
You die...

...... #........#
##>###.))
......#####....#......#
#.##...#
............####......##
#.#.)#.# ........##
#........ #.#.##.#
......#..# #.##...##..
....J ##(## #..#..####.
.... #..#### #.#..# #.
... ##....#######
#...###### ..
####...5@..# ####....# .
#######.# #.....#.###
#.####.###......
#......# ##.###. ######
####.....## #.# ##
#....# #.)..##...###.# #
#....# ##[#######.....#
# #....# #).# #####.# #
#....####.## ###


You could see Grinder.

Vanquished Creatures
  Sigmund (D:4)
  An ogre (D:4)
  A scorpion (D:4)
  A gnoll shaman (D:3)
  2 iguanas (D:4)
  Ijyb (D:3)
  Natasha (thrice) (D:4)
  7 gnolls (D:4)
  2 adders (D:4)
  A worm (D:2)
  2 dart slugs (D:3)
  5 orcs
  5 ball pythons
  5 endoplasms
  11 giant cockroaches
  6 goblins
  8 hobgoblins
  6 jackals
  6 quokkas
  9 bats
  2 frilled lizards (D:2)
  10 kobolds
  7 rats
102 creatures vanquished.

Notes
Turn   | Place    | Note
-------+----------+-------------------------------------------
     0 | D:1      | hikkokomori the Minotaur Fighter began the quest for the
                  | Orb.
     0 | D:1      | Reached XP level 1. HP: 19/19 MP: 0/0
   156 | D:1      | Reached XP level 2. HP: 25/27 MP: 1/1
   460 | D:1      | Reached XP level 3. HP: 33/33 MP: 2/2
  1277 | D:2      | Reached XP level 4. HP: 34/40 MP: 3/3
  1338 | D:3      | Found Haggouf's Magic Scroll Boutique.
  1343 | D:3      | Bought a scroll of identify for 28 gold pieces
  1343 | D:3      | Bought a scroll of teleportation for 42 gold pieces
  1361 | D:3      | Noticed Ijyb
  1367 | D:3      | Killed Ijyb
  2084 | D:3      | Found a faded altar of an unknown god.
  2310 | D:4      | Noticed Natasha
  2318 | D:4      | Killed Natasha
  2319 | D:4      | Reached XP level 5. HP: 38/47 MP: 4/4
  2480 | D:4      | Noticed Sigmund
  2502 | D:3      | Reached skill level 5 in Fighting
  2502 | D:3      | Reached skill level 5 in Armour
  2502 | D:3      | Reached skill level 5 in Shields
  2816 | D:4      | Noticed Natasha
  2818 | D:4      | Noticed an ogre
  2823 | D:4      | Killed Natasha
  2824 | D:4      | Reached XP level 6. HP: 48/56 MP: 5/5
  3007 | D:4      | Noticed Natasha
  3014 | D:4      | Killed Natasha
  3333 | D:4      | Killed Sigmund
  3334 | D:4      | Reached skill level 5 in Axes
  3334 | D:4      | Reached XP level 7. HP: 8/62 MP: 6/6
  4076 | D:4      | Noticed Grinder
  4076 | D:4      | Paralysed by Grinder for 5 turns
  4084 | D:4      | Paralysed by Grinder for 6 turns
  4099 | D:4      | Paralysed by Grinder for 4 turns
  4133 | D:4      | Paralysed by Grinder for 7 turns
  4141 | D:4      | Killed from afar by Grinder

Illustrated notes

Levels and vault maps discovered:
D:1:      dpeg_arrival_simpleton_b, layout_rooms, serial_corexii_hall,
          corexii_hall_statues_deadend, chequers_hall_statues_corner_a,
          minmay_misc_feat_pillars, minivault_11, minmay_misc_feat_four_crosses
D:2:      layout_rooms, minmay_misc_feat_alley, guppyfry_early_orc_mine
D:3:      layout_loops_corners, serial_shops, shop_fountains,
          hellmonk_ecumenical_altar_run_dry, hangedman_decor_growths, uniq_ijyb
D:4:      layout_rooms, uniq_grinder, uniq_sigmund, uniq_natasha

Skill      XL: |  1  2  3  4  5  6  7 |
---------------+----------------------+-----
Armour         | 4 5 6 |  6.0
Shields        | 4 5 6 |  6.0
Fighting       | 4 5 6 |  6.0
Axes           | 3 4 5 |  5.3

Action                   |  1- 3 |  4- 6 |  7- 9 || total
-------------------------+-------+-------+-------++-------
Melee: War axe           |   111 |   111 |    34 ||   256
       Headbutt          |    19 |    17 |     8 ||    44
Evoke: Wand              |       |     3 |       ||     3
  Use: Scroll            |       |     1 |     3 ||     4
       Potion            |       |     3 |     1 ||     4
Armor: Scale mail        |    62 |    25 |    10 ||    97
Dodge: Dodged            |    43 |    33 |    15 ||    91
Block: Kite shield       |    89 |    57 |    26 ||   172
